 Dungeon Crawl Stone Soup version 0.31-a0-112-gdf0485fa37 (webtiles) character file.

Game seed: 5818918266348885269

813 Drazool the Skirmisher (level 7, -4/60 HPs)
             Began as a Naga Hunter on May 29, 2023.
             Was an Initiate of Cheibriados.
             Slain by a water moccasin zombie (5 damage)
             ... on level 5 of the Dungeon.
             The game lasted 00:13:07 (4403 turns).

Drazool the Skirmisher (Naga Hunter)                Turns: 4403, Time: 00:13:07

Health: -4/60      AC:  5    Str: 15    XL:     7   Next: 93%
Magic:  7/7        EV:  9    Int: 10    God:    Cheibriados [......]
Gold:   249        SH:  0    Dex: 17    Spells: 6/6 levels left

rFire   . . .        k - +0 dagger (holy)
rCold   . . .        (no shield)
rNeg    . . .        c - +0 leather armour
rPois   +            r - +0 helmet
rElec   .            (no cloak)
rCorr   .            m - +0 pair of gloves
SInv    +            (no barding)
Will    .....        (no amulet)
Stlth   ++           (no ring)
HPRegen 0.30/turn    (no ring)
MPRegen 0.10/turn

%: no passive effects
@: very slow
A: AC +2, large, see invisible, deformed body, poison resistance, slowness 2,
spit poison 1, naga tail 1
a: Spit Poison, Renounce Religion


You were on level 5 of the Dungeon.
You worshipped Cheibriados.
Cheibriados was noncommittal.
You visited 2 branches of the dungeon, and saw 6 of its levels.

You collected 249 gold pieces.


Innate Abilities, Weirdness & Mutations

Your serpentine skin is tough. (AC +2)
You have supernaturally acute eyesight. (SInv)
Armour fits poorly on your strangely shaped body.
Your system is resistant to poisons. (rPois)
You cover ground very slowly.
You can spit poison.
You have a snake-like lower body.


   Skills:
 - Level 2.0 Fighting
 + Level 8.7 Ranged Weapons
 - Level 1.5 Dodging
 - Level 1.5 Stealth


You had 6 spell levels left.
You didn't know any spells.
Your spell library contained the following spells:

 Spells                   Type           Power      Damage    Failure   Level
 Sting                    Tmut/Pois      0%         1d3       43%         1
 Poisonous Vapours        Pois/Air       0%         N/A       56%         2
 Call Canine Familiar     Summ           0%         N/A       80%         3
 Portal Projectile        Hex/Tloc       0%         N/A       80%         3
 Leda's Liquefaction      Hex/Erth       0%         N/A       99%         4
 Olgreb's Toxic Radiance  Pois           0%         N/A       99%         4

Inventory:

Hand Weapons
 a - a +1 shortbow
 b - a +1 vampiric rapier
 k - a +0 dagger of holy wrath (weapon)
Armour
 c - a +0 leather armour (worn)
 m - a +0 pair of gloves (worn)
 r - a +0 helmet (worn)
Jewellery
 q - an amulet of faith {!P}
Wands
 s - a wand of flame (27)
 u - a wand of iceblast (5)
Scrolls
 e - a scroll of vulnerability
 i - a scroll of amnesia
 j - 2 scrolls of poison
 n - a scroll of immolation
 o - a scroll of enchant weapon
 t - a scroll of identify {@r1}
 v - a scroll of torment {unknown}
Potions
 d - 2 potions of enlightenment {unknown}
 f - a potion of degeneration {unknown}
 g - a potion of invisibility {unknown}
 h - a potion of mutation {unknown}
 l - a potion of lignification {unknown}
 p - a potion of curing {@q1}

Dungeon Overview and Level Annotations

Branches:
Dungeon (5/15)             Temple (1/1) D:5

Altars:
Ashenzari
Cheibriados
Elyvilon
Gozag
Kikubaaqudgha
Ru
Trog
Uskayaw
Vehumet
Wu Jian
Xom
The Shining One

Shops:
D:2 [

Annotations:
D:2 1 runed translucent door, Crazy Yiuf
D:5 Menkaure

####.##.##....# .....
..[..##..#....##.....
....(..........# ...
.#..####......## ...
.#..# #......# #M#
..#.# ###....# #.#
..#.# #....## #.#
....# #.....###.#
..#.# #......@ZM#
..#.# ########### .#.
# .### ## #


You could see Menkaure (fast) and a water moccasin zombie.


Message History

* * * LOW HITPOINT WARNING * * *
Unknown command.
You hit the hound zombie.
The hound zombie convulses.
The hound zombie is almost destroyed.
The hound zombie closely misses you.
You closely miss the hound zombie.
The hound zombie is almost destroyed.
The hound zombie bites you but does no damage.
Menkaure calls on the powers of darkness!
Your body is wracked with pain!
* * * LOW HITPOINT WARNING * * *
Unknown command.
You hit the hound zombie.
The hound zombie convulses.
You destroy the hound zombie!
Cheibriados thoroughly appreciates the change of pace.
Menkaure casts a spell at you. Pain shoots through your body!
* * * LOW HITPOINT WARNING * * *
Unknown command.
You closely miss the water moccasin zombie.
The water moccasin zombie barely misses you.
You hit the water moccasin zombie.
The water moccasin zombie convulses.
The water moccasin zombie is lightly damaged.
The water moccasin zombie bites you.
* * * LOW HITPOINT WARNING * * *
You hit the water moccasin zombie.
The water moccasin zombie convulses.
The water moccasin zombie is lightly damaged.
The water moccasin zombie closely misses you.
The water moccasin zombie bites you.
You die...

Skill      XL: |  1  2  3  4  5  6  7 |
---------------+----------------------+-----
Ranged Weapons | 4 5 7 8 |  8.7
Fighting       | |  2.0
Dodging        | |  1.5
Stealth        | |  1.5

Action                     |  1- 3 |  4- 6 |  7- 9 || total
---------------------------+-------+-------+-------++-------
  Melee: Rapier            |       |    16 |    63 ||    79
         Shortbow          |       |     2 |       ||     2
         Dagger            |       |       |    28 ||    28
         Punch             |       |       |     2 ||     2
   Fire: Shortbow          |    83 |   120 |    93 ||   296
Ability: Spit Poison       |     3 |    13 |     8 ||    24
  Evoke: Wand              |       |       |     2 ||     2
    Use: Scroll            |     3 |     4 |     1 ||     8
         Potion            |       |     3 |       ||     3
 Armour: Leather armour    |     6 |    25 |    79 ||   110
  Dodge: Dodged            |    10 |    36 |   107 ||   153

Levels and vault maps discovered:
D:1:      dpeg_arrival_fog, layout_loops_ring, ebering_ecumenical_altar_hall
D:2:      layout_loops_cross, serial_shops, shop, uniq_crazy_yiuf_cottage
D:3:      layout_loops_corners, mainiacjoe_overflow_paths,
          mainiacjoe_overflow_catwalk, mainiacjoe_overflow_alcove_2
D:4:      layout_cave_pools, portal_sewer_entry_e, goddamned_bats, uniq_sigmund,
          uniq_ijyb
D:5:      layout_rooms, gammafunk_temple_overflow_statue,
          nicolae_wu_jian_wuxing_cycle, lemuel_zombie_altar_yredelemnul,
          minmay_temple_entry_purple_smoke, uniq_menkaure
Temple:   nicolae_temple_superstar

Notes
Turn   | Place    | Note
-------+----------+-------------------------------------------
     0 | D:1      | Drazool the Naga Hunter began the quest for the Orb.
     0 | D:1      | Reached XP level 1. HP: 19/19 MP: 1/1
    44 | D:1      | Found a faded altar of an unknown god.
   195 | D:1      | Reached skill level 4 in Ranged Weapons
   195 | D:1      | Reached XP level 2. HP: 22/26 MP: 2/2
   227 | D:1      | You fall into a shaft and drop 1 floor!
   354 | D:2      | Reached XP level 3. HP: 32/32 MP: 3/3
   897 | D:2      | Found Wuexaxo's Antique Armour Shoppe.
  1123 | D:2      | Reached skill level 5 in Ranged Weapons
  1140 | D:2      | Found a runed translucent door.
  1141 | D:2      | Noticed Crazy Yiuf
  1252 | D:3      | Reached XP level 4. HP: 39/39 MP: 4/4
  1494 | D:3      | Found a white marble altar of Elyvilon.
  1647 | D:3      | Found an opulent altar of Gozag.
  1670 | D:3      | Reached XP level 5. HP: 45/45 MP: 5/5
  1797 | D:3      | Found an ancient bone altar of Kikubaaqudgha.
  1880 | D:3      | Reached skill level 6 in Ranged Weapons
  2436 | D:4      | Noticed Sigmund
  2559 | D:4      | Killed Sigmund
  2560 | D:4      | Reached skill level 7 in Ranged Weapons
  2560 | D:4      | Reached XP level 6. HP: 38/52 MP: 6/6
  2737 | D:4      | Reached XP level 7. HP: 60/60 MP: 7/7
  2797 | D:4      | Noticed Ijyb
  3188 | D:4      | Reached skill level 8 in Ranged Weapons
  3466 | D:4      | Killed Ijyb
  3622 | D:5      | Entered Level 5 of the Dungeon
  3845 | D:4      | HP: 1/60 [acid (10)]
  4045 | D:5      | Found a staircase to the Ecumenical Temple.
  4055 | Temple   | Entered the Ecumenical Temple
  4143 | Temple   | Became a worshipper of Cheibriados the Contemplative
  4344 | D:5      | Found an ornate altar of the Wu Jian Council.
  4385 | D:5      | Noticed Menkaure
  4400 | D:5      | HP: 4/60 [Menkaure/nerve-wracking pain (9)]
  4402 | D:5      | HP: 1/60 [water moccasin zombie (4)]
  4403 | D:5      | Slain by a water moccasin zombie

Vanquished Creatures
  Sigmund (D:4)
  A scorpion (D:4)
  A vampire bat (D:4)
  2 hounds
  A jelly (D:4)
  2 orc priests
  Ijyb (D:4)
  An iguana (D:4)
  An orc wizard (D:3)
  A hound zombie (D:5)
  10 adders
  3 gnolls
  A white imp (D:4)
  2 worms
  A dart slug (D:3)
  3 fire bats (D:4)
  8 orcs
  2 spectral bats (D:4)
  5 ball pythons
  12 bats
  3 bat skeletons (D:4)
  A bat zombie (D:4)
  7 endoplasms
  A giant cockroach (D:3)
  4 goblins
  9 hobgoblins
  8 kobolds
  5 quokkas
  A bat simulacrum (D:4)
  2 frilled lizards (D:3)
  5 rats
105 creatures vanquished.

Vanquished Creatures (others)
  An orc wizard (D:3)
1 creature vanquished.

Grand Total: 106 creatures vanquished

Table legend: (Time is in decaauts)
 A = Elapsed time spent in this place.
 B = Non-inter-level travel time spent in this place.
 C = Inter-level travel time spent in this place.
 D = Time resting spent in this place.
 E = Time spent auto-exploring this place.
 F = Levels seen in this place.
 G = Mean time per level.
                   A        B        C        D        E       F      G
               +--------+--------+--------+--------+--------+-----+--------+
         Total |   5538 |   5255 |    283 |    582 |   3555 |   6 |  923.0 |
       Dungeon |   5276 |   5024 |    252 |    509 |   3454 |   5 | 1055.2 |
        Temple |    262 |    232 |     30 |     73 |    100 |   1 |  262.0 |
               +--------+--------+--------+--------+--------+-----+--------+

Top non-repeatable levels by time:
     D:4: 1755 daAuts
     D:3: 1509 daAuts
     D:2: 979 daAuts
     D:1: 749 daAuts
     D:5: 281 daAuts
  Temple: 262 daAuts

Table legend:
 A = Non-vault XP
 B = Vault XP
 C = Vault XP percentage of total XP
 D = Non-vault monster count
 E = Vault monster count
 F = Vault count percentage of total count
                 A         B        C        D         E       F
            +---------+---------+-------+---------+---------+-------
      Total |     703 |     459 |  39.5 |      83 |      23 |  21.7
            +---------+---------+-------+---------+---------+-------
        D:1 |      26 |       0 |   0.0 |      15 |       0 |   0.0
        D:2 |      55 |       0 |   0.0 |      16 |       0 |   0.0
        D:3 |     198 |       0 |   0.0 |      27 |       0 |   0.0
        D:4 |     281 |     438 |  60.9 |      18 |      22 |  55.0
        D:5 |      89 |      21 |  19.1 |       5 |       1 |  16.7
     Temple |      54 |       0 |   0.0 |       2 |       0 |   0.0
            +---------+---------+-------+---------+---------+-------
